Match 41019185
Unlisted

Match 41019185
End
Construct Infanterie Kompanie
Selects Luftwaffe Battlegroup
Selects Luftwaffe Pioneer Support
Fallschirmpioneer Squad Paradrop
Grenadier Squad
Grenadier Squad
Infanterie Officer Quarters
Selects Reconnaissance Run
MG 42 Machine Gun Team
Construct Panzergrenadier Kompanie
Construct Panzergrenadier Kompanie
Selects Fallschirmjäger Squad Paradrop
Fallschirmjäger Squad Paradrop
Pak 40 Anti-tank Gun Team
Selects Fragmentation Bombs
Fallschirmjäger Squad Paradrop
Landser
*Mule
FeriG
Shawman
BossManShaw
Herald of Salt
0
0

Comments sign in to comment!

No comments posted yet!